 Dungeon Sprint DCSS version 0.31.0-12-g77e489cdc1 (webtiles) character file.

Game seed: 7440158262661538746

4 Groucho the Digger (level 1, -1/9 HPs)
             Began as a Spriggan Earth Elementalist on Feb 12, 2024.
             Was a Follower of Sif Muna.
             Slain by an ufetubus (2 damage)
             ... in the Dungeon (Sprint VII: "The Pits").
             The game lasted 00:00:46 (189 turns).

Groucho the Digger (Spriggan Earth Elementalist)     Turns: 189, Time: 00:00:46

Health: -1/9       AC:  2    Str:  4    XL:     1   Next: 58%
Magic:  5/5        EV: 17    Int: 16    God:    Sif Muna [*.....]
Gold:   0          SH:  0    Dex: 15    Spells: 5/6 levels left

rFire   . . .        h - +2 dagger
rCold   . . .        (no shield)
rNeg    . . .        a - +0 robe
rPois   .            (helmet restricted)
rElec   .            (no cloak)
rCorr   .            (gloves unavailable)
SInv    +            (boots unavailable)
Will    .....        (no amulet)
Stlth   ++           (no ring)
HPRegen 0.21/turn    (no ring)
MPRegen 0.09/turn

%: no teleportation
@: very quick
A: very small, no large weapons, unfitting armour, see invisible, speed 3
a: Renounce Religion, Channel Magic


You were in the Dungeon.
You worshipped Sif Muna.
Sif Muna was aware of your devotion.
You visited 1 branch

Inventory:

Hand Weapons
 h - a +2 dagger (weapon)
Armour
 a - a +0 robe (worn)
Scrolls
 g - a scroll of blinking
 j - 2 scrolls of vulnerability
 k - 5 scrolls of amnesia
 l - a scroll of butterflies
Potions
 b - 4 potions of magic
 c - a potion of curing
 e - a potion of haste
 f - 3 potions of berserk rage
 i - 2 potions of invisibility


   Skills:
 - Level 2.6 Dodging
 - Level 3.0 Stealth
 + Level 3.3 Spellcasting
 + Level 1.2 Conjurations
 * Level 3.4 Earth Magic


You had 5 spell levels left.
You knew the following spells:

 Your Spells              Type           Power      Damage    Failure   Level
a - Sandblast             Erth           26%        2d8       4%          1

Your spell library contained the following spells:

 Spells                   Type           Power      Damage    Failure   Level
 Passwall                 Erth           13%        N/A       13%         3
 Stone Arrow              Conj/Erth      20%        3d8       21%         3
 Brom's Barrelling Bould  Conj/Erth      10%        2d3       56%         4
 Petrify                  Alch/Erth      8%         N/A       65%         4


Dungeon Overview and Level Annotations

Branches:
Dungeon (1/1)

Altars:
Ashenzari
Cheibriados
Dithmenos
Elyvilon
Fedhas
Gozag
Hepliaklqana
Kikubaaqudgha
Makhleb
Nemelex Xobeh
Okawaru
Qazlal
Ru
Sif Muna
Trog
Uskayaw
Vehumet
Wu Jian
Xom
Yredelemnul
Zin
The Shining One
Jiyva
Lugonu


Innate Abilities, Weirdness & Mutations

You are very small and have problems with some larger weapons.
You are too small for most types of armour.
You have supernaturally acute eyesight. (SInv)
You cover ground extremely quickly. (Speed+++)


Message History

The ufetubus hits you. x2
Unknown command.
Aiming: Sandblast (safe; 4% risk of failure)
Press: ? - help, Q - select action Shift-Dir - straight line, f - ball python skeleton, p - ufetubus
Aim: a ball python skeleton (96% to hit)
The blast of sand hits the ufetubus.
The ufetubus is almost dead.
The ufetubus misses you. The ufetubus closely misses you.
The ufetubus misses you. The ufetubus completely misses you.
Unknown command.
Unknown command.
Aiming: Sandblast (safe; 4% risk of failure)
Press: ? - help, Q - select action Shift-Dir - straight line, f/p - ball python skeleton
Aim: a ball python skeleton (96% to hit)
The blast of sand hits the ufetubus but does no damage.
The ufetubus is almost dead.
The ufetubus barely misses you. The ufetubus closely misses you.
The ufetubus hits you.
* * * LOW HITPOINT WARNING * * *
The ufetubus barely misses you.
Unknown command.
Unknown command.
You feel much better. The ufetubus closely misses you.
The ufetubus misses you. x2
The ufetubus barely misses you.
Aiming: Sandblast (safe; 4% risk of failure)
Press: ? - help, Q - select action Shift-Dir - straight line, f/p - ball python skeleton
Aim: a ball python skeleton (96% to hit)
The blast of sand misses the ufetubus.
The blast of sand hits the ball python skeleton!
You destroy the ball python skeleton!
Sif Muna accepts your kill.
You can now call upon Sif Muna for magical energy.
The ufetubus barely misses you. The ufetubus closely misses you.
The ufetubus hits you. The ufetubus misses you.
Unknown command.
Unknown command.
Magic courses through your body. The ufetubus hits you.
* * * LOW HITPOINT WARNING * * *
The ufetubus hits you.
You die...

#_________.#
#_______...###########++
##########'##...........
#..(.')))'.##......#..#.
##########.##...........
#.........†.'...........
+#####'#####......#..#.
#.. #)# #...........
#...#@# ####'#####++
#...5†# #.......#
##+#### #.......#
#.......# #...<...#
#.......# #.......#
#.......# #########


You could see an ufetubus.

Vanquished Creatures
  A ball python (D)
  A bat (D)
  A goblin (D)
  A ball python skeleton (D)
4 creatures vanquished.

Notes
Turn   | Place    | Note
-------+----------+-------------------------------------------
     0 | D        | Groucho the Spriggan Earth Elementalist began the quest for
                  | the Orb.
     0 | D        | Reached XP level 1. HP: 9/9 MP: 5/5
    14 | D        | Reached skill level 1 in Conjurations
    40 | D        | Found a bloodstained altar of Trog.
    40 | D        | Found a shimmering blue altar of Sif Muna.
    40 | D        | Found a viscous altar of Jiyva.
    40 | D        | Found a hazy altar of Hepliaklqana.
    40 | D        | Found an opulent altar of Gozag.
    41 | D        | Found a glowing golden altar of the Shining One.
    41 | D        | Found a glowing silver altar of Zin.
    41 | D        | Found a basalt altar of Yredelemnul.
    41 | D        | Found a shimmering altar of Xom.
    41 | D        | Found an ornate altar of the Wu Jian Council.
    41 | D        | Found a sacrificial altar of Ru.
    41 | D        | Found a stormy altar of Qazlal.
    41 | D        | Found an iron altar of Okawaru.
    41 | D        | Found a sparkling altar of Nemelex Xobeh.
    41 | D        | Found a burning altar of Makhleb.
    41 | D        | Found a blossoming altar of Fedhas.
    41 | D        | Found a white marble altar of Elyvilon.
    41 | D        | Found a shadowy altar of Dithmenos.
    41 | D        | Found a snail-covered altar of Cheibriados.
    42 | D        | Found a radiant altar of Vehumet.
    42 | D        | Found a corrupted altar of Lugonu.
    43 | D        | Found an ancient bone altar of Kikubaaqudgha.
    43 | D        | Found a hide-covered altar of Uskayaw.
    43 | D        | Found a broken altar of Ashenzari.
    44 | D        | Became a worshipper of Sif Muna the Loreminder
   188 | D        | Reached * piety under Sif Muna
   189 | D        | Slain by an ufetubus

Illustrated notes

Levels and vault maps discovered:
D:        pitsprint [storerooms_1, entrance_room_1, metal_vault_6, armoury_2,
          mini_pit_1, grid_room_1, main_hall_1, silver_pit, the_coven_2,
          the_vestibule_1, steel_vault_1, golden_pit, hallway_of_sentries,
          crystal_vault_6, iron_vault_2, final_vault]

Skill      XL: |  1 |
---------------+----+-----
Spellcasting   | 3 |  3.3
Conjurations   | 1 |  1.2
Earth Magic    | 3 |  3.4
Dodging        | |  2.6
Stealth        | |  3.0

Action                     || total
---------------------------++-------
   Cast: Sandblast         ||     8
    Use: Potion            ||     2
 Armour: Robe              ||     7
  Dodge: Dodged            ||    21
